 Dungeon Crawl Stone Soup version 0.16-a0-3770-gc215ce9 (webtiles) character file.

317 TIT the Shooter (level 6, 0/34 HPs)
             Began as a Tengu Arcane Marksman on Jan 24, 2015.
             Was a Follower of Makhleb.
             Succumbed to a worker ant's poison
             ... on level 4 of the Dungeon.
             The game lasted 00:15:46 (4817 turns).

TIT the Shooter (Tengu Arcane Marksman)             Turns: 4817, Time: 00:15:46

Health: 0/34       AC:  3    Str: 11    XL:     6   Next: 45%
Magic:  10/10      EV: 12    Int: 15    God:    Makhleb [*.....]
Gold:   186        SH:  0    Dex: 14    Spells: 1 memorised, 6 levels left

rFire  . . .     SeeInvis .     (no weapon)
rCold  . . .     Clarity  .     a - +1 robe
rNeg   . . .     SustAb   .     (no shield)
rPois  .         Gourm    .     (helmet restricted)
rElec  .         Spirit   .     (no cloak)
rCorr  .         Warding  .     (no gloves)
rMut   .         Stasis   .     (boots unavailable)
MR     .....                    (no amulet)
Stlth  +.........               (no ring)
                                (no ring)

@: lethally poisoned, not resistant to hostile enchantments, very unstealthy
A: able to fly, beak, talons 3
a: Fly, Renounce Religion


You were on level 4 of the Dungeon.
You worshipped Makhleb.
Makhleb was aware of your devotion.
You were not hungry.

You visited 1 branch of the dungeon, and saw 5 of its levels.

You collected 186 gold pieces.

Inventory:

Hand weapons
 b - a +1 shortbow
 u - a +3 dagger
Missiles
 c - 26 arrows
Armour
 a - a +1 robe (worn)
 j - a +0 buckler
 q - a +0 leather armour
Jewellery
 e - an uncursed ring of wizardry {unknown}
 g - an uncursed ring of stealth {unknown}
 k - an uncursed amulet of stasis {unknown}
Magical devices
 n - a wand of fire (6)
Scrolls
 i - a scroll of blinking {unknown}
 o - a scroll of magic mapping {unknown}
 r - a scroll of identify {unknown}
Potions
 m - 2 potions of restore abilities
Books
 d - a book of Debilitation

   Spells                             Type                      Level
   a - Corona                         Hexes                        1
   b - Slow                           Hexes                        2
   c - Inner Flame                    Hexes/Fire                   3
   d - Enslavement                    Hexes                        4
   e - Cause Fear                     Hexes                        4
   f - Leda's Liquefaction            Hexes/Earth                  4
Comestibles
 f - 2 bread rations
 p - 4 fruits
 t - 2 beef jerkies


   Skills:
 - Level 1.0 Fighting
 + Level 7.3 Bows
 - Level 2.1 Dodging
 - Level 1.0 Spellcasting
 - Level 2.1 Hexes


You had 6 spell levels left.
You knew the following spells:

 Your Spells              Type           Power        Failure   Level  Hunger
a - Corona                Hex            #......      12%         1    ##.....


Dungeon Overview and Level Annotations

Branches:
Dungeon (5/15)
 Temple: D:4-7

Altars:
Makhleb
Sif Muna

Annotations:
D:3 TIT's ghost, average TeAM
D:4 Meriados' ghost, average DDNe


Innate Abilities, Weirdness & Mutations

You can fly.
You have a beak for a mouth.
You have claws for feet.


Message History

* * * LOW HITPOINT WARNING * * *
You feel sick.
You start resting.
Your transformation is almost over.
You start resting.
* * * LOW HITPOINT WARNING * * *
You feel sick.
You start resting.
* * * LOW HITPOINT WARNING * * *
You feel sick.
You start resting.
You feel less woody.
Your +1 robe unmelds from your body.
All of the chunks of flesh in your inventory have rotted away.
Drink which item? (? for menu, Esc to quit)
It was a potion of cancellation.
You feel magically purged.
Drink which item? (? for menu, Esc to quit)
Okay, then.
Unknown command.
You die...

### ..# #.# ####.# ..##.#
########### #.##.#
#..@......## #.##.#
#.(###.....## .....# #(.#
##.....######## ....##
#####..#####...###.?....
#...#
##....(........).......#.
##.##
....#.#.#####(####.##.#.
#.# #.#.#( #.# #.##.#.
#.# #...(. ##'## #......
#.# #.#.###.#
##...#########


There were no monsters in sight!

Vanquished Creatures
  2 centaur skeletons (D:4)
  An orc wizard (D:3)
  3 worker ants (D:4)
  4 adders
  2 giant mites (D:2)
  A worm (D:3)
  An adder skeleton (D:4)
  A giant gecko (D:3)
  12 orcs
  13 bats
  A bat skeleton (D:3)
  A giant cockroach (D:4)
  15 hobgoblins
  2 jackals (D:4)
  12 kobolds
  3 quokkas
  2 giant newts (D:1)
  11 goblins
  8 rats
95 creatures vanquished.

Vanquished Creatures (others)
  4 toadstools (D:1)
4 creatures vanquished.

Grand Total: 99 creatures vanquished

Notes
Turn   | Place    | Note
--------------------------------------------------------------
     0 | D:1      | TIT, the Tengu Arcane Marksman, began the quest for the Orb.
     0 | D:1      | Reached XP level 1. HP: 12/12 MP: 2/2
   130 | D:1      | Reached XP level 2. HP: 16/16 MP: 2/4
   149 | D:1      | Reached skill level 3 in Bows
   880 | D:2      | Reached XP level 3. HP: 20/20 MP: 3/5
   902 | D:2      | Reached skill level 4 in Bows
  1331 | D:2      | Reached XP level 4. HP: 21/25 MP: 4/6
  1952 | D:3      | Noticed TIT's ghost (average TeAM)
  2277 | D:3      | Reached skill level 5 in Bows
  2381 | D:3      | Reached XP level 5. HP: 26/29 MP: 4/9
  3092 | D:3      | Found a deep blue altar of Sif Muna.
  3267 | D:4      | Reached skill level 6 in Bows
  3611 | D:4      | Found a burning altar of Makhleb.
  3614 | D:4      | Became a worshipper of Makhleb the Destroyer
  3643 | D:4      | Noticed Meriados' ghost (average DDNe)
  3671 | D:5      | Entered Level 5 of the Dungeon
  3685 | D:5      | Noticed an ogre
  4249 | D:4      | Reached XP level 6. HP: 15/34 MP: 6/10
  4423 | D:4      | Reached skill level 7 in Bows
  4513 | D:4      | Acquired Makhleb's first power
  4806 | D:4      | HP: 2/51 [poisoned by a worker ant]
  4813 | D:4      | HP: 1/51 [poisoned by a worker ant]
  4817 | D:4      | Succumbed to a worker ant's poison

Action                   |  1- 3 |  4- 6 || total
-------------------------+-------+-------++-------
Melee: Unarmed           |     5 |    78 ||    83
 Fire: Shortbow          |    82 |   141 ||   223
 Cast: Corona            |    21 |    38 ||    59
 Abil: Fly               |       |     5 ||     5
  Use: Scroll            |     1 |     4 ||     5
       Potion            |       |     7 ||     7
  Eat: Chunk             |     1 |     9 ||    10
       Meat ration       |       |     1 ||     1
